cohdb
Replays
Latest Replays
All Replays
Popular Replays
Top Player Replays
Match Explorer
How It Works
Community
CoH3 Stats
Reddit
Sign in to upload your games and track your stats! →
Sign in with Steam
Match 46188710
Unlisted
Match 46188710
Overview
Messages
Build Orders
End
Panzergrenadier Squad
250 Light Carrier
Panzerpioneer Squad
Panzergrenadier Squad
Construct Light Support Kompanie
Panzerjäger Squad
Fire Support Elements
Combat Half-tracks
Selects Italian Combined Arms Battlegroup
Selects Bersaglieri Squad
Assault Mechanized Group
Selects Semovente da 75/18 Assault Gun
Semovente da 75/18 Assault Gun
Construct Panzerarmee Kommand
Selects Strafing Run
Strafing Run
Panzer III L Medium Tank
Strafing Run
Selects Artillery Cover
Panzer III L Medium Tank
Rapid Advance
Selects Vehicle Support - Secure Location
Selects Vehicle Support - Force Recon
Armored Reserves
Artillery Cover
Strafing Run
Tiger Heavy Tank
Emergency Repair Kits
Artillery Cover
KuruKuru
いきざま
不会玩游戏只会起盖子
Taka_nL
梁山伯有限公司董事长 王伦
Kikastis
12
12345+5
0
0
Comments
sign in to comment!
No comments posted yet!